 Dungeon Crawl Stone Soup version 0.31-a0-1591-g515db51633 (webtiles) character file.

Game seed: 15529465917489657865

607031 bobo the Conqueror (level 27, -27/323 HPs)
             Began as an Oni Gladiator on Jan 4, 2024.
             Was the Champion of Wu Jian.
             Killed from afar by an electric golem (36 damage)
             ... with a bolt of lightning
             ... on level 5 of the Realm of Zot on Jan 7, 2024.
             The game lasted 05:48:29 (82824 turns).

bobo the Conqueror (Oni Gladiator)                 Turns: 82824, Time: 05:48:30

Health: -27/323    AC: 37    Str: 27 (33) XL:     27
Magic:  0/37       EV: -3    Int: 16 (19) God:    Wu Jian [******]
Gold:   5644       SH:  8    Dex:  6 (9)  Spells: 5/47 levels left

rFire   + . .        e - +5 giant spiked club (vamp)
rCold   + . .        (shield currently unavailable)
rNeg    + + +        X - +7 gold dragon scales
rPois   ∞            V - +0 mask of the Dragon {Will+ Slay+3 SInv}
rElec   .            K - +2 cloak {Will+}
rCorr   +            (gloves unavailable)
SInv    +            (boots unavailable)
Will    +++++        d - brooch of Shielding {Spirit SH+8} Stlth
                     Y - ring "Nuof Baa" {rPois rC- rCorr AC+4 Int+2}
HPRegen 0.73/turn    g - ring of wizardry
MPRegen 0.25/turn

%: corrode self (3%), guardian spirit, wizardry (x1)
@: about to teleport, death-form, silenced, marked, vertiginous, constricted,
studying 3 skills
A: vile attack, torment immunity, no potions, large, unfitting armour, horns 1,
tough skin 1, double potion healing, drunken brawling, iridescent scales 1,
clever 1, strong-willed 1, screaming 1, shaggy fur 1, weak 1
}: 3/15 runes: barnacled, silver, gossamer
a: Siphon Essence, Begin Untransformation, Renounce Religion, Wall Jump


You were on level 5 of the Realm of Zot.
You worshipped Wu Jian.
Wu Jian was exalted by your worship.
You were an undying horror.
You visited 12 branches of the dungeon, and saw 52 of its levels.
You visited the Abyss 1 time.
You visited 1 bazaar.
You also visited: Trove, Sewer and Desolation.

You collected 10622 gold pieces.
You spent 4978 gold pieces at shops.

Inventory:

Hand Weapons
 e - a +5 vampiric giant spiked club (weapon)
 j - a +2 great mace of holy wrath
 w - a +9 giant spiked club of protection
Missiles
 k - 4 silver javelins
 n - 4 javelins
 r - 87 large rocks (quivered)
 Z - 2 throwing nets
Armour
 c - the +2 hat of the Bear Spirit {Spirit, Bear, *Rage Will++}
   (You found it in the Desolation of Salt)

   Bear:      Going berserk makes the wearer exceptionally tough, and they are
   slowed for a shorter time afterward.
   Will++:    It greatly increases your willpower.
   *Rage:     It berserks you when you make melee attacks (+20% chance).
 K - a +2 cloak of willpower (worn)
 R - the +5 swamp dragon scales of the Tortured Grue {rPois Regen+}
   (You acquired it on level 5 of the Vaults)

   rPois:     It protects you from poison Regen+: It increases your rate of
   health regeneration.
 V - the +0 mask of the Dragon (worn) {Will+ Slay+3 SInv}
   (You acquired it on level 5 of the Vaults)

   Slay+3:    It affects your accuracy & damage with ranged weapons and melee
   (+3).
   Will+:     It increases your willpower.
   SInv:      It lets you see invisible.
 X - +7 gold dragon scales (worn)
Jewellery
 d - the brooch of Shielding (around neck) {Spirit SH+8}
   (You acquired it on level 4 of the Dungeon)

   [amulet of guardian spirit]

   Spirit:    It causes incoming damage to be divided between your reserves of
   health and magic.
   SH+8:      It affects your SH (+8).
 g - a ring of wizardry (right hand)
 y - an amulet of regeneration
 L - a ring of flight
 Y - the ring "Nuof Baa" (left hand) {rPois rC- rCorr AC+4 Int+2}
   (You acquired it on level 2 of the Shoals)

   [ring of protection]

   AC+4:      It affects your AC (+4).
   Int+2:     It affects your intelligence (+2).
   rC-:       It makes you vulnerable to cold.
   rPois:     It protects you from poison rCorr: It protects you from acid and
   corrosion.
Talismans
 b - a granite talisman
 N - the death talisman of Parlour Games (active) {*Corrode Int+4}
   (You found it on level 5 of the Vaults)

   [talisman of death]

   Int+4:     It affects your intelligence (+4).
   *Corrode:  It may corrode you when you take damage.
Wands
 h - a wand of iceblast (34)
 i - a wand of polymorph (39)
 o - a wand of light (27)
 q - a wand of paralysis (7)
 v - a wand of digging (13)
Scrolls
 l - 8 scrolls of amnesia
 p - a scroll of brand weapon
 A - 5 scrolls of poison
 C - 19 scrolls of teleportation
 E - 4 scrolls of vulnerability
 F - 7 scrolls of fear
 H - 4 scrolls of silence
 J - 2 scrolls of revelation
 M - 5 scrolls of fog
 O - 6 scrolls of immolation
 P - 3 scrolls of enchant armour
 S - a scroll of torment
 U - 4 scrolls of blinking
Potions
 a - 4 potions of cancellation
 f - 4 potions of berserk rage
 m - 6 potions of curing
 s - a potion of mutation
 t - 2 potions of magic
 u - 5 potions of haste
 x - 8 potions of lignification
 z - 7 potions of heal wounds
 B - a potion of attraction
 G - a potion of ambrosia
 I - 6 potions of might
 Q - 18 potions of brilliance
 T - a potion of enlightenment


   Skills:
 O Level 27 Fighting
 - Level 22.0 Maces & Flails
 - Level 15.4 Throwing
 + Level 12.2 Armour
 - Level 11.0 Dodging
 - Level 6.0 Stealth
 - Level 10.9 Spellcasting
 - Level 6.3 Conjurations
 - Level 8.3 Necromancy
 - Level 12.5 Translocations
 - Level 4.0 Fire Magic
 + Level 6.3 Air Magic
 - Level 9.9 Alchemy
 + Level 23.8 Shapeshifting


You had 5 spell levels left.
You knew the following spells:

 Your Spells              Type           Power      Damage    Failure   Level
a - Curse of Agony        Necr           35%        N/A       71%         5
b - Eringya's Noxious Bo  Alch           20%        4d6       95%         6
c - Vhi's Electric Charg  Tloc/Air       76%        N/A       28%         4
d - Alistair's Intoxicat  Alch           26%        N/A       52%         5
e - Ignite Poison         Fire/Alch      30%        N/A       56%         4
f - Fugue of the Fallen   Necr           35%        N/A       16%         3
q - Olgreb's Toxic Radia  Alch           40%        N/A       24%         4
x - Irradiate             Conj/Alch      17%        3d17      73%         5
z - Manifold Assault      Tloc           48%        N/A       10%         4
Z - Blink                 Tloc           96%        N/A       2%          2

Your spell library contained the following spells:

 Spells                   Type           Power      Damage    Failure   Level
 Apportation              Tloc           96%        N/A       1%          1
 Lesser Beckoning         Tloc           96%        N/A       2%          2
 Gell's Gravitas          Tloc           48%        N/A       4%          3
 Teleport Other           Tloc           48%        N/A       4%          3
 Necrotise                Necr           100%       1d9       6%          1
 Momentum Strike          Conj/Tloc      76%        3d10      6%          2
 Sting                    Conj/Alch      100%       1d9       7%          1
 Cigotuvi's Dreadful Rot  Necr/Alch/Air  68%        N/A       9%          2
 Mercury Vapours          Alch/Air       68%        N/A       9%          2
 Sublimation of Blood     Necr           35%        N/A       9%          2
 Passage of Golubria      Tloc           48%        N/A       10%         4
 Magic Dart               Conj           100%       1d8       12%         1
 Shock                    Conj/Air       100%       1d9       12%         1
 Vampiric Draining        Necr           35%        2d8       16%         3
 Volatile Blastmotes      Fire/Tloc      70%        2d15      16%         3
 Searing Ray              Conj           56%        2d6       17%         2
 Static Discharge         Conj/Air       56%        3-6/arc   17%         2
 Foxfire                  Conj/Fire      100%       2x1d9     19%         1
 Mephitic Cloud           Conj/Alch/Air  32%        N/A       21%         3
 Iskenderun's Mystic Bla  Conj/Tloc      38%        2d9       28%         4
 Swiftness                Air            28%        N/A       30%         3
 Scorch                   Fire           42%        2d6       38%         2
 Animate Dead             Necr           35%        N/A       38%         4
 Fulminant Prism          Conj/Alch      17%        3d11      43%         4
 Sticky Flame             Fire/Alch      30%        2d7       56%         4
 Airstrike                Air            14%        2d(2-18)  65%         4
 Dimensional Bullseye     Hex/Tloc       14%        N/A       65%         4
 Dazzling Flash           Conj/Hex       36%        N/A       67%         3
 Hailstorm                Conj/Ice       18%        3d7       67%         3
 Stone Arrow              Conj/Erth      36%        3d9       67%         3
 Freeze                   Ice            32%        1d5       75%         1
 Sandblast                Erth           16%        2d6       75%         1
 Slow                     Hex            32%        N/A       75%         1
 Summon Small Mammal      Summ           32%        N/A       75%         1
 Flame Wave               Conj/Fire      25%        2d8       78%         4
 Inner Flame              Hex/Fire       15%        N/A       82%         3
 Leda's Liquefaction      Alch/Erth      12%        N/A       82%         4
 Petrify                  Alch/Erth      24%        N/A       82%         4
 Call Imp                 Summ           16%        N/A       86%         2
 Ensorcelled Hibernation  Hex/Ice        16%        N/A       86%         2
 Jinxbite                 Hex            16%        N/A       86%         2
 Anguish                  Hex/Necr       11%        N/A       88%         4
 Martyr's Knell           Necr/Summ      22%        N/A       88%         4
 Arcjolt                  Conj/Air       14%        1d24      91%         5
 Summon Forest            Summ/Tloc      14%        N/A       92%         5
 Brom's Barrelling Bould  Conj/Erth      18%        2d4       95%         4
 Summon Lightning Spire   Summ/Air       18%        N/A       95%         4
 Call Canine Familiar     Summ           8%         N/A       96%         3
 Confusing Touch          Hex            8%         N/A       96%         3
 Frozen Ramparts          Ice            16%        1d3       96%         3
 Ozocubu's Armour         Ice            8%         N/A       96%         3
 Passwall                 Erth           8%         N/A       96%         3
 Sigil of Binding         Hex            8%         N/A       96%         3
 Summon Ice Beast         Ice/Summ       8%         N/A       96%         3
 Tukima's Dance           Hex            8%         N/A       96%         3
 Fireball                 Conj/Fire      12%        3d7       98%         5
 Yara's Violent Unravell  Hex/Alch       12%        3d7       98%         5
 Summon Blazeheart Golem  Fire/Summ      15%        N/A       99%         4
 Borgnjor's Vile Clutch   Necr/Erth      11%        N/A       99%         5
 Freezing Cloud           Conj/Ice/Air   11%        6-21      99%         5
 Animate Armour           Summ/Erth      16%        N/A       100%        4
 Cause Fear               Hex            4%         N/A       100%        4
 Lee's Rapid Deconstruct  Erth           4%         3d5*      100%        5
 Metabolic Englaciation   Hex/Ice        4%         N/A       100%        5
 Silence                  Hex/Air        9%         N/A       100%        5
 Dispersal                Tloc           24%        N/A       71%         6
 Death Channel            Necr           17%        N/A       99%         6
 Bombard                  Conj/Erth      9%         9d2       100%        6
 Plasma Beam              Fire/Air       12%        2x1d23    100%        6
 Sculpt Simulacrum        Ice/Alch       12%        N/A       100%        6
 Starburst                Conj/Fire      12%        6d5       100%        6
 Summon Cactus Giant      Summ           4%         N/A       100%        6
 Enfeeble                 Hex            4%         N/A       100%        7
 Haunt                    Necr/Summ      11%        N/A       100%        7
 Orb of Destruction       Conj           14%        9d7       100%        7
 Ozocubu's Refrigeration  Ice            4%         4d8       100%        7
 Spellforged Servitor     Conj/Summ      9%         N/A       100%        7
 Summon Hydra             Summ           4%         N/A       100%        7
 Borgnjor's Revivificati  Necr           17%        N/A       100%        8
 Discord                  Hex            4%         N/A       100%        8
 Disjunction              Tloc           24%        N/A       100%        8
 Ignition                 Fire           10%        3d5       100%        8
 Infestation              Necr           17%        N/A       100%        8
 Lehudib's Crystal Spear  Conj/Erth      9%         10d4      100%        8
 Maxwell's Capacitive Co  Air            14%        ∞         100%        8
 Chain Lightning          Conj/Air       14%        3d18      100%        9
 Death's Door             Necr           17%        N/A       100%        9
 Dragon's Call            Summ           4%         N/A       100%        9
 Fire Storm               Conj/Fire      12%        8d3       100%        9
 Shatter                  Erth           4%         3d7*      100%        9


Dungeon Overview and Level Annotations

Branches:
Dungeon (15/15)            Temple (1/1) D:5            Lair (5/5) D:9
 Shoals (4/4) Lair:2       Spider (4/4) Lair:3        Slime (0/5) Lair:5
    Orc (2/2) D:9             Elf (3/3) Orc:2        Vaults (5/5) D:14
  Crypt (3/3) Vaults:2       Tomb (1/3) Crypt:3      Depths (4/4) D:15
    Zot (5/5) Depths:4      Sewer (visited)         Desolation (visited)

Altars:
Ashenzari
Cheibriados
Dithmenos
Elyvilon
Fedhas
Gozag
Hepliaklqana
Kikubaaqudgha
Makhleb
Nemelex Xobeh
Okawaru
Qazlal
Ru
Sif Muna
Trog
Uskayaw
Vehumet
Wu Jian
Xom
Yredelemnul
Zin
The Shining One
Jiyva
Lugonu

Shops:
D:7 ?   D:9 [   Orc:1 :   Orc:2 *([*   Elf:2 (   Shoals:3 [   Shoals:4 [
Vaults:3 *   Vaults:4 ?   Vaults:5 :   Depths:2 [

Portals:
Hell: Depths:1 Depths:2 Depths:3 Depths:4
Abyss: D:8 Depths:2 Depths:3
Pandemonium: Depths:2
Ziggurat: Depths:3

Annotations:
Shoals:2 3 runed translucent doors, Zuniegot's ghost, adept TrSh
Vaults:2 2 transporters, Midn8's ghost, adept VSEE
Zot:5 exclusion: obsidian statue


Innate Abilities, Weirdness & Mutations

You are an undying horror.
Your melee and unarmed attacks drain, slow and weaken victims.
You are immune to unholy pain and torment.
You cannot drink.
You are immune to poison.
You are too large for most types of armour.
You have a pair of small horns on your head.
You have tough skin. (AC +1)
You gain doubled healing and magic from potions.
Whenever you drink a healing potion, you attack all around you.
You are partially covered in iridescent scales. (AC +2)
Your mind is acute. (Int +4, Str/Dex -1)
You are strong-willed. (Will+)
You occasionally shout uncontrollably at your foes.
You are covered in fur. (AC +1)
You are weak. (Str -2)


Message History

Press: ? - help, v - describe, . - travel The floor, spattered with blood.
This square is shrouded in silence.
There is a cloud of noxious fumes here.
Unknown command.
You cannot drink potions in your current state!
Okay, then.
Unknown command.
Unknown command.
You cannot cast spells when silenced!
Magic scrolls do not work when you're silenced!
You flatten the red draconian like a pancake!!!
You kill the red draconian!
The Council accepts your kill.
The Killer Klown blinks!
An Orb Guardian comes into view.
The golden dragon bites you.
* * * LOW HITPOINT WARNING * * *
The golden dragon claws you but does no damage.
You block the golden dragon's attack.
The tentacled monstrosity tentacle-slaps you but does no damage. x3
The tentacled monstrosity constricts you.
The lindwurm is engulfed in noxious fumes.
The lindwurm appears confused.
The lindwurm bites you but does no damage.
The lindwurm claws you but does no damage. x2
The electric golem hits you.
* * * LOW HITPOINT WARNING * * *
The electric golem shocks you!
* * * LOW HITPOINT WARNING * * *
The electric golem hits you but does no damage.
The electric golem hits you.
* * * LOW HITPOINT WARNING * * *
The electric golem hits you but does no damage.
Unknown command.
You miss the Killer Klown. You headbutt the Killer Klown.
The Killer Klown is lightly wounded.
The electric golem hurls lightning at you.
The bolt of lightning hits you!!!
You die...

#▓▓▓▓▓▓▓▓▓▓▓##....8▓▓
###.............X...^.##
##....##....)...X.......#*
######...###...^..............**
........###........D4X[....^..,*
.......## #......kq.2.........,*
.......# #^....X3XX..........,*
......## #...°k9Ld...........,*
.(....# #...kqzXX..^..^.....,*
......## #..^°D9p.......^..^.,*
.......# ##...°5....p........**
.......#* ##................#*
........* ##..§.......^...##
.########▓▓▓▓################
[.##..##...#...............#
..##..##...#...............#
..##.......#...............#


You could see 2 Killer Klowns, 2 electric golems, 2 tentacled monstrosities, 2
golden dragons, a dread lich, a purple draconian, a purple draconian shifter, a
white draconian stormcaller, a hell beast (summoned), 6 Orb Guardians, a soul
eater (summoned), a lindwurm (summoned, unsilenced, confused), a rime drake
(summoned), a red devil (summoned), a swamp drake (summoned) and a shadow imp
(summoned).

Vanquished Creatures
  2 dread liches
  3 ancient liches
  2 orbs of fire
  A royal mummy (Crypt:3)
  Vv (Zot:2)
  Parghit (Zot:1)
  5 curse toes
  10 golden dragons
  Arachne (Spider:4)
  13 tentacled monstrosities
  4 bone dragons
  The ghost of Dugafar the Warrior, an adept GrFi of Cheibriados (Crypt:2)
  A Brimstone Fiend (Depths:2)
  4 electric golems
  10 liches
  Zenata (Vaults:4)
  Rupert (Orc:2)
  Jorgrun (D:15)
  A shard shrike skeleton (Crypt:1)
  5 quicksilver dragons
  Asterion (Elf:2)
  A walking earthen tome (Depths:4)
  10 Orb Guardians (Zot:5)
  A walking divine tome (Depths:1)
  3 titans
  3 deep elf blademasters
  10 death cobs
  An Executioner (Abyss:1)
  4 sphinxes
  2 deep elf master archers (Elf:3)
  6 tentacled starspawn
  9 shadow dragons
  Agnes (Elf:2)
  5 ancient champions
  8 storm dragons
  8 tengu reavers
  Donald (Spider:4)
  4 protean progenitors (Zot:4)
  Ilsuiw (Shoals:4)
  5 revenants
  17 vault wardens
  4 draconian monks (Zot:4)
  4 draconian shifters
  14 fire giants
  12 frost giants
  3 emperor scorpions
  Aizul (Elf:1)
  5 deep elf elementalists (Elf:3)
  2 draconian knights
  An imperial myrmidon (Desolation)
  3 draconian scorchers
  Louise (Shoals:1)
  8 ghost moths
  A caustic shrike zombie (Crypt:3)
  5 deep elf sorcerers
  2 balrugs
  3 curse skulls
  5 reapers (Crypt:3)
  3 iron dragons
  4 broodmothers
  2 ghouls (Crypt:2)
  3 draconian annihilators
  2 cacodemons (Depths:2)
  20 ironbound preservers
  A spriggan defender (Depths:3)
  A formless jellyfish (Vaults:1)
  10 ironbound thunderhulks
  11 very ugly things
  3 draconian stormcallers
  A caustic shrike skeleton (Abyss:3)
  11 deep elf death magi
  6 green draconians
  18 stone giants
  A lorocyproca (Depths:2)
  12 black draconians
  8 vampire knights
  6 deep elf annihilators
  The ghost of Osyvawk the Marksdraconian, a journeyman DrMo of Hepliaklqana (Lair:4)
  13 red draconians
  Azrael (Spider:3)
  10 deep elf demonologists
  2 halazid warlocks (Desolation)
  2 war gargoyles (Vaults:5)
  6 dire elephants (Lair:5)
  9 spark wasps
  6 yellow draconians
  9 purple draconians
  11 white draconians
  10 eidola
  A green death (Depths:2)
  Josephine (Orc:2)
  2 mummy priests (Crypt:2)
  3 merfolk javelineers (Shoals:4)
  11 ettins
  11 fire dragons
  4 crystal guardians
  5 servants of whispers (Desolation)
  4 merfolk impalers
  6 deep elf high priests
  10 ragged hierophants (Desolation)
  4 rakshasas
  14 entropy weavers
  An entropy weaver (shapeshifter) (Elf:1)
  12 yaktaur captains
  The ghost of Azoth the Marksspriggan, a journeyman SpHu of Fedhas (D:14)
  15 jiangshi
  4 hydras
  A great orb of eyes (Vaults:4)
  A quicksilver dragon skeleton (Crypt:2)
  2 ogre magi
  3 jorogumos
  2 spriggan air magi
  A spriggan skeleton (Crypt:3)
  17 peacekeepers
  29 vault guards
  9 ice dragons
  A catoblepas (D:11)
  20 centaur warriors
  4 radroaches
  6 ironbound frosthearts
  A merfolk avatar (Shoals:2)
  3 alligator snapping turtles
  7 deep troll shamans
  6 merfolk aquamancers
  4 death scarabs (Spider:4)
  5 two-headed ogres
  3 death knights
  7 boulder beetles
  27 dancing weapons
  A thrashing horror (Abyss:1)
  A titan zombie (Crypt:3)
  6 satyrs
  A death yak (Lair:5)
  7 deep troll earth magi
  9 vampire magi
  12 demonic crawlers
  3 spriggan berserkers
  An occultist (Depths:1)
  5 tengu warriors
  An orc high priest (Orc:1)
  2 spriggans (Depths:4)
  2 sun demons (Abyss:3)
  3 wretched stars
  17 hell knights
  Urug (D:11)
  7 soul eaters
  The ghost of domi the Dealer of Despair, a novice VSNe of Kikubaaqudgha (D:8)
  A shadow wraith (Crypt:2)
  2 titan skeletons (Vaults:2)
  2 bunyip zombies (Crypt:3)
  21 deep elf knights
  A fire crab (shapeshifter) (Vaults:5)
  7 iron trolls
  15 pharaoh ants
  A spectral anaconda (Lair:5)
  6 skysharks
  2 goliath frogs (Zot:4)
  37 skeletal warriors
  An iron giant zombie (Crypt:3)
  7 sea snakes
  A glowing orange brain (shapeshifter) (Vaults:5)
  2 storm dragon skeletons (D:15)
  A bog body (Crypt:2)
  45 deep trolls
  A shadow demon (Depths:2)
  6 glowing orange brains
  An anaconda zombie (Crypt:2)
  9 orb spiders
  A swamp dragon (shapeshifter) (D:15)
  An obsidian statue (Lair:5)
  11 flayed ghosts
  7 deep elf archers
  4 arcanists
  A death drake (shapeshifter) (Vaults:4)
  A sun moth (Spider:4)
  10 steelbarb worms
  5 lindwurms (Lair:3)
  26 phantasmal warriors
  23 harpies
  5 large abominations
  A broodmother zombie (Spider:4)
  31 deep elf pyromancers
  4 orc knights
  2 anaconda skeletons (Crypt:3)
  19 ironbound convokers
  27 deep elf zephyrmancers
  20 fauns
  An orc sorcerer (Vaults:5)
  A spectral wolf spider (Spider:4)
  22 necromancers
  A glowing shapeshifter (Depths:1)
  19 wolf spiders
  Maurice (D:8)
  11 manticores
  A shadow dragon skeleton (Vaults:2)
  25 ugly things
  A toenail golem (D:8)
  6 cyclopes
  20 moths of wrath
  A worldbinder (Abyss:3)
  A stone giant zombie (Crypt:3)
  3 centaur zombies (D:9)
  3 iron dragon skeletons (Crypt:3)
  12 meliai
  5 kobold blastminers
  3 apocalypse crabs
  3 dire elephant zombies
  16 elephants
  A stone giant skeleton (Crypt:3)
  A guardian serpent (Desolation)
  2 merfolk sirens
  13 vault sentinels
  5 water nymphs
  A fire giant skeleton (Vaults:2)
  7 torpor snails
  2 molten gargoyles (Desolation)
  A black mamba (Lair:4)
  A catoblepas zombie (Crypt:2)
  13 cane toads
  5 spectral redbacks (Spider:4)
  A smoke demon (Abyss:3)
  11 yaktaurs
  A hellion (Abyss:3)
  10 freezing wraiths
  An anaconda simulacrum (Abyss:3)
  An unseen horror (D:12)
  4 tengu conjurers
  2 redback zombies (Spider:4)
  6 guardian mummies
  Psyche (D:11)
  28 merfolk
  A sea snake skeleton (Crypt:1)
  15 komodo dragons
  2 ancient zymes
  A harpy zombie (Crypt:3)
  A queen bee (Spider:1)
  A troll (shapeshifter) (Vaults:5)
  3 elf skeletons (Vaults:2)
  A merfolk (shapeshifter) (Vaults:5)
  4 polar bears
  A troll (Orc:1)
  5 hornets
  Prince Ribbit (D:6)
  3 spectral jumping spiders (Spider:4)
  A hydra zombie (Crypt:3)
  A blink frog (shapeshifter) (Vaults:5)
  3 spectral tarantellas (Spider:4)
  2 tyrant leeches (Zot:4)
  60 saltlings (Desolation)
  A spectral culicivora (Spider:4)
  29 tarantellas
  2 dream sheep (shapeshifter)
  2 ettin zombies
  7 snapping turtles
  22 blink frogs
  13 hellwings (Crypt:3)
  2 wind drakes
  4 raiju
  2 dream sheep (Shoals:1)
  3 tarantella zombies (Spider:4)
  2 glass eyes
  2 centaur simulacra (D:14)
  2 culicivora zombies (Spider:4)
  4 meliai zombies (D:9)
  3 spriggan zombies
  35 jumping spiders
  26 culicivoras
  2 air elementals
  41 slime creatures
  A spriggan (shapeshifter) (D:15)
  3 ettin skeletons
  7 basilisks
  7 small abominations
  21 wraiths
  6 vampires
  7 wyverns
  Eustachio (D:6)
  A human (shapeshifter) (Vaults:5)
  A ynoxinul (Depths:2)
  10 fire elementals
  2 shadows (D:9)
  16 water elementals
  A golden eye (Abyss:3)
  34 yaks
  66 redbacks
  Menkaure (D:6)
  2 steam dragons
  3 wargs (Orc:2)
  A chaos spawn (Abyss:1)
  9 vampire mosquitoes
  2 naga zombies (Crypt:3)
  A redback (shapeshifter) (Vaults:2)
  A death yak simulacrum (Lair:5)
  A spectral cane toad (Lair:5)
  A swamp worm (shapeshifter) (Vaults:5)
  4 hell hounds (Spider:3)
  An acid dragon (D:9)
  8 water moccasins
  A swamp drake (D:9)
  A glowing shapeshifter skeleton (Vaults:2)
  2 sky beasts (D:6)
  2 black bears
  40 orc warriors
  22 laughing skulls
  A lindwurm zombie (Crypt:2)
  An ice beast (D:8)
  3 naga skeletons (Crypt:3)
  An elephant zombie (Lair:5)
  A manticore zombie (Crypt:2)
  3 human skeletons
  6 ogres
  9 wolves (Lair:4)
  16 starcursed masses
  A boggart (Vaults:2)
  6 phantoms
  21 centaurs
  An elf simulacrum (Vaults:2)
  5 kobold brigands
  2 weeping skulls (Abyss:3)
  9 bullfrogs
  2 necrophages (Crypt:2)
  3 earth elementals
  4 scorpions
  A draconian skeleton (Crypt:1)
  A cane toad simulacrum (Lair:5)
  A glowing shapeshifter simulacrum (Vaults:2)
  9 wights
  10 wyvern skeletons (Crypt:3)
  2 elephant simulacra (Lair:5)
  35 killer bees
  An electric eel (Spider:1)
  2 howler monkeys
  A bombardier beetle (D:4)
  2 hounds
  13 orc priests
  3 jellies (D:6)
  A gnoll bouda (D:7)
  5 human zombies (Crypt:1)
  3 iron imps
  4 iguanas
  28 orc wizards
  A boggart skeleton (Crypt:2)
  A sky beast zombie (Crypt:2)
  A hound zombie (Crypt:1)
  A boggart simulacrum (D:15)
  3 mummies
  5 gnolls (D:7)
  A howler monkey skeleton (Crypt:1)
  15 adders
  7 river rats
  A shadow imp (D:8)
  3 white imps
  10 ufetubi
  A lava snake zombie (Crypt:2)
  3 dart slugs
  12 ribbon worms
  68 orcs
  7 endoplasms
  A giant cockroach (D:1)
  7 hobgoblins
  5 jackals
  19 kobolds
  4 quokkas
  7 ball pythons
  6 bats
  A bombardier beetle zombie (Crypt:2)
  4 frilled lizards (D:1)
  A giant cockroach zombie (Crypt:1)
  A gnoll zombie (Crypt:1)
  4 goblins
  11 rats
  A starspawn tentacle (Abyss:1)
2462 creatures vanquished.

Vanquished Creatures (collateral kills)
  A sea snake (Shoals:3)
1 creature vanquished.

Vanquished Creatures (others)
  A vault warden (Vaults:2)
  2 deep elf sorcerers (Elf:3)
  An occultist (Depths:1)
  2 deep elf knights (Elf:2)
  A pharaoh ant (Spider:4)
  A deep elf pyromancer (D:15)
  An orc sorcerer (Orc:1)
  A human (D:5)
  A ribbon worm (D:5)
  10 fulminant prisms
  A lurking horror (Abyss:1)
  10 starspawn tentacles
32 creatures vanquished.

Grand Total: 2495 creatures vanquished

Notes
Turn   | Place    | Note
-------+----------+-------------------------------------------
     0 | D:1      | bobo the Oni Gladiator began the quest for the Orb.
     0 | D:1      | Reached XP level 1. HP: 22/22 MP: 1/1
   113 | D:1      | Reached skill level 3 in Fighting
   199 | D:1      | Reached XP level 2. HP: 29/31 MP: 2/2
   549 | D:1      | Reached XP level 3. HP: 20/37 MP: 3/3
  1120 | D:2      | Reached XP level 4. HP: 42/48 MP: 4/4
  1232 | D:2      | Reached skill level 4 in Fighting
  2563 | D:4      | Noticed a scorpion
  2568 | D:4      | Killed a scorpion
  2569 | D:4      | Reached XP level 5. HP: 55/55 MP: 5/5
  2603 | D:4      | Reached skill level 1 in Shapeshifting
  2666 | D:4      | Reached skill level 5 in Fighting
  2730 | D:4      | Reached XP level 6. HP: 47/66 MP: 6/6
  2918 | D:4      | Identified a scroll of acquirement
  2918 | D:4      | Acquired the brooch of Shielding {Spirit SH+8}
  2918 | D:4      | Found the brooch of Shielding {Spirit SH+8}
  3110 | D:4      | Reached skill level 5 in Maces & Flails
  3335 | D:5      | Entered Level 5 of the Dungeon
  3362 | D:5      | Found a snail-covered altar of Cheibriados.
  3371 | D:5      | Reached XP level 7. HP: 58/74 MP: 5/7
  3555 | D:5      | Reached skill level 6 in Fighting
  4375 | D:5      | Found a shadowy altar of Dithmenos.
  4531 | D:5      | Found an ancient bone altar of Kikubaaqudgha.
  4534 | D:5      | Noticed a human
  4536 | D:5      | Killed a human
  4673 | D:5      | Found a staircase to the Ecumenical Temple.
  4682 | Temple   | Entered the Ecumenical Temple
  4689 | Temple   | Became a worshipper of the Wu Jian Council
  4957 | D:6      | Reached skill level 7 in Fighting
  4957 | D:6      | Reached XP level 8. HP: 85/87 MP: 8/8
  4984 | D:6      | Noticed Prince Ribbit
  5193 | D:6      | Killed Prince Ribbit
  5229 | D:6      | Noticed Menkaure
  5231 | D:6      | Reached skill level 8 in Fighting
  5489 | D:6      | Killed Menkaure
  5692 | D:6      | Found a glowing drain.
  5699 | Sewer    | Entered a sewer
  5943 | Sewer    | Reached * piety under Wu Jian
  6281 | Sewer    | Reached XP level 9. HP: 97/97 MP: 9/9
  6329 | Sewer    | Reached skill level 9 in Fighting
  6581 | D:6      | Reached skill level 5 in Throwing
  6724 | D:6      | Noticed Eustachio
  6737 | D:6      | Killed Eustachio
  7017 | D:7      | Reached ** piety under Wu Jian
  7350 | D:7      | Found a transporter.
  7352 | D:7      | Found Yxanas's Magic Scroll Shop.
  7451 | D:7      | Found a transporter.
  7460 | D:7      | Bought a scroll of identify for 24 gold pieces
  7460 | D:7      | Bought a scroll of poison for 48 gold pieces
  7460 | D:7      | Bought a scroll of butterflies for 48 gold pieces
  7574 | D:7      | Reached skill level 10 in Fighting
  7978 | D:7      | Found a blossoming altar of Fedhas.
  8324 | D:8      | Found a transporter.
  8324 | D:8      | Found a one-way gate to the infinite horrors of the Abyss.
  8324 | D:8      | Noticed domi's ghost (novice VSNe)
  8324 | D:8      | Noticed an ancient zyme
  8324 | D:8      | Noticed a toenail golem
  8334 | D:8      | Found a transporter.
  8353 | D:8      | Noticed Maurice
  8371 | D:8      | Maurice stole a beast talisman
  8372 | D:8      | Killed Maurice
  8525 | D:8      | Reached skill level 11 in Fighting
  8525 | D:8      | Reached XP level 10. HP: 97/113 MP: 7/10
  8648 | D:8      | Found a hazy altar of Hepliaklqana.
  9168 | D:8      | Found a broken altar of Ashenzari.
  9349 | D:9      | Noticed a +0 dagger
  9349 | D:9      | Noticed a +0 dagger
  9349 | D:9      | Found a hide-covered altar of Uskayaw.
  9708 | D:9      | Reached skill level 12 in Fighting
  9735 | D:9      | Reached *** piety under Wu Jian
  9986 | D:9      | Found a sparkling altar of Nemelex Xobeh.
  9998 | D:9      | Reached skill level 10 in Maces & Flails
 10366 | D:9      | Found a staircase to the Lair.
 10401 | D:9      | Reached skill level 13 in Fighting
 10401 | D:9      | Reached XP level 11. HP: 105/127 MP: 8/11
 10647 | D:9      | Acquired 923 gold pieces
 10760 | Lair:1   | Entered Level 1 of the Lair of Beasts
 10776 | Lair:1   | Noticed a boulder beetle
 10803 | Lair:1   | Noticed a seven-headed hydra
 10808 | Lair:1   | Killed a boulder beetle
 10814 | Lair:1   | Killed a seven-headed hydra
 10815 | Lair:1   | Reached skill level 14 in Fighting
 11928 | Lair:2   | Found an opulent altar of Gozag.
 12012 | Lair:2   | Noticed a skyshark
 12019 | Lair:2   | Killed a skyshark
 12900 | Lair:2   | Found a staircase to the Shoals.
 12907 | Lair:2   | Reached skill level 15 in Fighting
 13120 | Lair:3   | Reached XP level 12. HP: 97/141 MP: 8/12
 13603 | Lair:3   | Reached **** piety under Wu Jian
 13802 | Lair:3   | Noticed a six-headed hydra
 13809 | Lair:3   | Killed a six-headed hydra
 14449 | Lair:3   | Reached skill level 16 in Fighting
 14454 | Lair:3   | Found a hole to the Spider Nest.
 15072 | Lair:3   | Learned a level 2 spell: Mercury Vapours
 15558 | Lair:4   | Reached skill level 1 in Spellcasting
 15617 | Lair:4   | Identified the +6 quarterstaff of Roerhuen {elec, *Noise
                  | rF+ Str+3 Int+5}
 15685 | Lair:4   | Reached skill level 17 in Fighting
 15685 | Lair:4   | Reached skill level 1 in Alchemy
 15685 | Lair:4   | Reached XP level 13. HP: 150/156 MP: 13/15
 15912 | Lair:4   | Found a runed translucent gate.
 15918 | Lair:4   | Learned a level 4 spell: Olgreb's Toxic Radiance
 15918 | Lair:4   | Found a runed translucent gate.
 15918 | Lair:4   | Found a runed translucent gate.
 16303 | Lair:4   | Noticed Osyvawk's ghost (journeyman DrMo)
 16321 | Lair:5   | Entered Level 5 of the Lair of Beasts
 16976 | Lair:5   | Upgraded the game from 0.31-a0-1576-ga3383bade6 to
                  | 0.31-a0-1589-g8f5e8aebd6
 17213 | Lair:5   | Found a staircase to the Slime Pits.
 17213 | Lair:5   | Found a viscous altar of Jiyva.
 17599 | Lair:5   | Identified the +1 sling of Linearity {drain, rF++ Will+}
 17834 | Lair:5   | Noticed a dire elephant
 17834 | Lair:5   | Noticed a dire elephant
 17834 | Lair:5   | Noticed a dire elephant
 17835 | Lair:5   | Noticed a dire elephant
 17914 | Lair:5   | Reached skill level 18 in Fighting
 17933 | Lair:5   | Found the +6 Majin-Bo {spellvamp, MP+6 Int+6}
 17988 | Lair:5   | Noticed a dire elephant
 17988 | Lair:5   | Noticed a dire elephant
 18027 | Lair:5   | Killed a dire elephant
 18410 | Lair:5   | Killed a dire elephant
 18563 | Lair:5   | Reached XP level 14. HP: 129/165 MP: 12/21
 18872 | D:8      | Killed domi's ghost
 18873 | D:8      | Reached skill level 5 in Spellcasting
 19362 | D:9      | Reached skill level 15 in Maces & Flails
 19456 | D:9      | Found Beboihe's Antique Armour Boutique.
 19567 | D:9      | Found a staircase to the Orcish Mines.
 19853 | D:9      | Reached ***** piety under Wu Jian
 20072 | D:9      | Reached skill level 19 in Fighting
 20372 | D:9      | Learned a level 2 spell: Blink
 20377 | D:9      | Learned a level 4 spell: Ignite Poison
 20567 | D:10     | Entered Level 10 of the Dungeon
 21633 | D:11     | Reached skill level 1 in Translocations
 21770 | D:11     | Reached skill level 1 in Fire Magic
 21900 | D:11     | Found the dreamshard necklace {Acrobat *Dream}
 21956 | D:11     | Reached skill level 5 in Alchemy
 22171 | D:11     | Noticed Psyche
 22181 | D:11     | Killed Psyche
 23004 | D:11     | Noticed Urug
 23013 | D:11     | Killed Urug
 24254 | D:12     | Reached XP level 15. HP: 163/183 MP: 13/25
 24707 | D:13     | Found a broken altar of Ashenzari.
 25966 | D:14     | Learned a level 5 spell: Irradiate
 26002 | D:14     | Noticed a fire giant
 26002 | D:14     | Noticed Azoth's ghost (journeyman SpHu)
 26163 | Orc:1    | Entered Level 1 of the Orcish Mines
 26342 | Orc:1    | Reached skill level 1 in Conjurations
 26347 | Orc:1    | Learned a level 4 spell: Fulminant Prism
 26480 | Orc:2    | Entered Level 2 of the Orcish Mines
 26480 | Orc:2    | Noticed Rupert
 26480 | Orc:2    | Found a staircase to the Elven Halls.
 26487 | Orc:2    | Reached skill level 10 in Throwing
 26494 | Orc:2    | Killed Rupert
 26495 | Orc:2    | Reached skill level 20 in Fighting
 26499 | Orc:2    | Noticed Josephine
 26834 | Orc:2    | Killed Josephine
 26836 | Orc:2    | Reached ****** piety under Wu Jian
 27560 | Orc:1    | Found Nuad's Self-Improvement Boutique.
 27570 | Orc:1    | Bought a manual of Throwing for 960 gold pieces
 27570 | Orc:1    | Bought a manual of Armour for 960 gold pieces
 28059 | Orc:2    | Reached skill level 1 in Armour
 28126 | Orc:2    | Found a shimmering blue altar of Sif Muna.
 28379 | Orc:2    | Found Itteg's Antique Armour Emporium.
 28379 | Orc:2    | Found Igedos's Antique Weapon Boutique.
 28381 | Orc:2    | Found Umaomula's General Store.
 28383 | Orc:2    | Found Zopsanep's Assorted Antiques.
 28390 | Orc:2    | Bought 2 scrolls of enchant armour for 225 gold pieces
 28395 | Orc:2    | Bought a runed diamond ring for 155 gold pieces
 28395 | Orc:2    | Bought a sapphire potion for 27 gold pieces
 29372 | Shoals:1 | Entered Level 1 of the Shoals
 29400 | Shoals:1 | Noticed Louise
 29455 | Spider:1 | Entered Level 1 of the Spider Nest
 30218 | D:14     | Found a gate to the Vaults.
 30283 | D:14     | Found a stormy altar of Qazlal.
 30568 | D:14     | Found a transporter.
 30583 | D:14     | Reached XP level 16. HP: 129/195 MP: 14/28
 30789 | D:14     | Found a transporter.
 31042 | D:15     | Entered Level 15 of the Dungeon
 31044 | D:15     | Found a staircase to the Depths.
 31582 | D:15     | Found a white marble altar of Elyvilon.
 31994 | D:15     | Reached skill level 5 in Armour
 32523 | D:15     | Noticed Jorgrun
 32534 | D:15     | Killed Jorgrun
 32912 | Depths:1 | Entered Level 1 of the Depths
 33321 | Depths:1 | Found a gateway to Hell.
 33630 | Depths:1 | Reached skill level 5 in Dodging
 34086 | Shoals:1 | Killed Louise
 35142 | Shoals:1 | Reached skill level 21 in Fighting
 36088 | Shoals:2 | Acquired the ring "Nuof Baa" {rPois rC- rCorr AC+4 Int+2}
 36240 | Shoals:2 | Found a runed translucent gate.
 36240 | Shoals:2 | Found a runed translucent gate.
 36248 | Shoals:2 | Found a runed translucent gate.
 36268 | Shoals:2 | Noticed Zuniegot's ghost (adept TrSh)
 36872 | Shoals:3 | Reached XP level 17. HP: 133/205 MP: 29/29
 37335 | Shoals:3 | Found Sefuhoor's Antique Armour Boutique.
 37908 | Shoals:4 | Entered Level 4 of the Shoals
 40784 | Elf:1    | Entered Level 1 of the Elven Halls
 41290 | Elf:1    | Reached skill level 22 in Fighting
 41307 | Elf:1    | Found a frozen archway.
 41323 | Elf:1    | Found a crumbling gateway.
 41333 | Desolati | Entered the Desolation of Salt
 41784 | Desolati | Reached XP level 18. HP: 193/218 MP: 31/31
 41789 | Desolati | Got Dispater's Tome of Amathomancy
 41792 | Desolati | Got the Catalogue of Blinking Quicksand
 41801 | Desolati | Learned a level 6 spell: Eringya's Noxious Bog
 41846 | Desolati | Got Joedopi's Anthology of the Curse
 41944 | Desolati | Reached skill level 5 in Conjurations
 41978 | Desolati | Found the +2 hat of the Bear Spirit {Spirit, Bear, *Rage
                  | Will++}
 41984 | Desolati | Gained mutation: Your health recovers twice as slowly from
                  | being drained. [mutagenic glow]
 41988 | Desolati | HP: 3/200 [halazid warlock/bolt of cold (61)]
 42022 | Desolati | Gained mutation: You are dopey. (Int -2) [mutagenic glow]
 42189 | Desolati | Got the Enchiridion on Quicksand and the Crevasse
 42191 | Desolati | Identified the ring of the Griffon {rElec rPois rF+ Str-5
                  | Dex-4}
 42417 | Desolati | Reached skill level 10 in Spellcasting
 42927 | Desolati | Learned a level 5 spell: Alistair's Intoxication
 43908 | Elf:1    | Identified the serpent talisman of Duck's Teeth {Str+3}
 43908 | Elf:1    | Noticed Aizul
 43919 | Elf:1    | Killed Aizul
 45194 | Shoals:4 | Reached skill level 5 in Shapeshifting
 45412 | Shoals:3 | Saved by the dreamshard amulet
 46214 | Shoals:4 | Noticed Ilsuiw
 46238 | Shoals:4 | Killed Ilsuiw
 46239 | Shoals:4 | Reached XP level 19. HP: 152/228 MP: 11/33
 46776 | Shoals:4 | Found Laxterei's Antique Armour Boutique.
 46844 | Shoals:4 | Got a barnacled rune of Zot
 46902 | Shoals:4 | Identified the staff "Numeu" {^Fragile rF+ Dex-2 SInv Conj
                  | Fire}
 48145 | Spider:2 | Reached skill level 10 in Shapeshifting
 48270 | Spider:2 | You fall into a shaft and drop 1 floor!
 49246 | Spider:3 | Noticed Azrael
 49258 | Spider:3 | Killed Azrael
 50124 | Spider:4 | Entered Level 4 of the Spider Nest
 50842 | Spider:4 | Noticed Arachne
 50855 | Spider:4 | Killed Arachne
 50856 | Spider:4 | Reached XP level 20. HP: 199/228 MP: 32/34
 51535 | Spider:4 | Noticed Donald
 51539 | Spider:4 | Killed Donald
 51951 | Spider:4 | Got a gossamer rune of Zot
 52294 | Elf:2    | Paralysed by an air elemental for 1 turns
 52304 | Elf:2    | Found Fufuthik's Antique Weapon Shoppe.
 52316 | Elf:2    | Noticed Asterion
 52321 | Elf:2    | Killed Asterion
 52336 | Elf:2    | Reached skill level 15 in Shapeshifting
 52409 | Elf:2    | Found a runed translucent gate.
 52410 | Elf:2    | Found a runed translucent gate.
 52410 | Elf:2    | Found a runed translucent gate.
 52442 | Elf:2    | Identified the +2 cloak "Ymisub" {rPois}
 53061 | Elf:2    | Noticed Agnes
 53066 | Elf:2    | Killed Agnes
 53778 | Elf:3    | Entered Level 3 of the Elven Halls
 53939 | Elf:3    | Upgraded the game from 0.31-a0-1589-g8f5e8aebd6 to
                  | 0.31-a0-1591-g515db51633
 54180 | Elf:3    | Paralysed by an air elemental for 1 turns
 54292 | Elf:3    | Found a portal to a secret trove of treasure.
 54717 | Elf:3    | Identified the amulet "Jualos" {+Blink rPois Regen+ Int-4}
 54752 | Elf:3    | Reached XP level 21. HP: 118/240 MP: 6/35
 54787 | Elf:3    | Identified the +5 trident "Quito" {drain, Fly rC- Will+
                  | Int+6} (You took it off a deep elf zephyrmancer on level 3
                  | of the Elven Halls)
 54789 | Elf:3    | Identified the +6 scimitar of Ru's Righteous Anger {freeze,
                  | rElec rF+++ Int-4}
 54793 | Elf:3    | Identified the +4 hand axe "Killer Bee's Regret" {elec,
                  | +Blink rPois rF+ SInv}
 55095 | Elf:3    | Identified the +9 arbalest of the Lonely Artists {drain,
                  | Str+3}
 55128 | Elf:3    | Learned a level 4 spell: Manifold Assault
 55177 | Elf:3    | Identified the +0 helmet of Sloth {Int+3 Dex+4}
 55473 | Vaults:1 | Entered Level 1 of the Vaults
 56175 | Vaults:1 | Reached skill level 5 in Translocations
 56225 | Vaults:1 | Identified the +4 great mace of Cowardice {antimagic, Str+5
                  | Int+4}
 56515 | Vaults:1 | Identified the +2 shortbow of a volcano {speed, MP-9 Int+2
                  | Stlth+}
 57104 | Vaults:2 | Identified the +6 scimitar of Dim Light {venom, ^Drain
                  | rPois Will+}
 57553 | Vaults:2 | Noticed Midn8's ghost (adept VSEE)
 57554 | Vaults:2 | Found a transporter.
 57566 | Vaults:2 | Found a transporter.
 57920 | Vaults:2 | Reached XP level 22. HP: 257/257 MP: 16/36
 57934 | Vaults:2 | Found the +5 glaive of the Guard {elec, spectral}
 57981 | Vaults:2 | Identified the +0 buckler of Purpose {Int+2}
 58350 | Vaults:2 | Found a staircase to the Crypt.
 58786 | Vaults:3 | Found Ubumu's Assorted Antiques.
 58795 | Vaults:3 | Bought a scroll of blinking for 165 gold pieces
 58965 | Vaults:3 | Got the Parchment of Alteration and Frost
 59075 | Vaults:3 | Got the Anthology of Abominable Liturgies and Coordinates
 59106 | Vaults:3 | Learned a level 3 spell: Fugue of the Fallen
 59175 | Vaults:3 | Reached skill level 1 in Necromancy
 60039 | Depths:1 | Reached skill level 5 in Necromancy
 60072 | Depths:1 | Noticed a golden dragon
 60075 | Depths:1 | Noticed a golden dragon
 60075 | Depths:1 | Found a runed translucent door.
 60080 | Depths:1 | Killed a golden dragon
 60081 | Depths:1 | Killed a golden dragon
 60202 | Depths:1 | Found a runed translucent door.
 60202 | Depths:1 | Found a runed translucent door.
 60203 | Depths:1 | Identified the staff "Concordance" {Summ Earth}
 60205 | Depths:1 | Identified the +0 scale mail of the Arcane {rPois Str+3}
 60206 | Depths:1 | Identified the +0 leather armour "Xinwokk" {Harm rN+}
 60596 | Depths:1 | Reached skill level 23 in Fighting
 61039 | Depths:1 | Found a stormy altar of Qazlal.
 61174 | Depths:2 | Reached XP level 23. HP: 267/267 MP: 32/37
 61174 | Depths:2 | Gained mutation: Your body sometimes deteriorates upon
                  | taking damage. [a cacodemon]
 61175 | Depths:2 | Gained mutation: Your magical capacity is low. (-10% MP) [a
                  | cacodemon]
 61179 | Depths:2 | Gained mutation: You are vulnerable to cold. (rC-) [a
                  | cacodemon]
 61703 | Depths:2 | Found a burning altar of Makhleb.
 61712 | Depths:2 | Found the +27 heavy crossbow "Sniper" {heavy, Acc+∞ SInv}
 61821 | Depths:2 | Identified the granite talisman of Xine {*Slow Int+4 Dex+3}
 61894 | Depths:2 | Found Ecyst's Antique Armour Shop.
 61901 | Depths:2 | Bought a runed cloak for 210 gold pieces
 61943 | Depths:2 | HP: 13/349 [ettin/+0 dire flail (24)]
 62340 | Depths:1 | Reached skill level 15 in Throwing
 62371 | D:14     | Killed Azoth's ghost
 62659 | Lair:3   | Got the Discursus on Charming Locality
 62728 | Lair:4   | Killed Osyvawk's ghost
 63036 | Crypt:1  | Entered Level 1 of the Crypt
 63660 | Crypt:1  | Identified the +1 quarterstaff of Tiybrooh {elec, Will+}
 64337 | Crypt:2  | Reached skill level 24 in Fighting
 64576 | Crypt:2  | Found an ancient bone altar of Kikubaaqudgha.
 64964 | Crypt:2  | Found a runed translucent gate.
 64965 | Crypt:2  | Found a runed translucent gate.
 64967 | Crypt:2  | Found a runed translucent gate.
 64979 | Crypt:2  | Noticed Dugafar's ghost (adept GrFi)
 64994 | Crypt:2  | Reached XP level 24. HP: 258/260 MP: 21/33
 65001 | Crypt:2  | Reached skill level 10 in Dodging
 65010 | Crypt:2  | Killed Dugafar's ghost
 65447 | Crypt:3  | Entered Level 3 of the Crypt
 65641 | Crypt:3  | Got the Compilation of the Damned
 65650 | Crypt:3  | Learned a level 5 spell: Curse of Agony
 65915 | Vaults:3 | Lost mutation: Your body sometimes deteriorates upon taking
                  | damage. [potion of mutation]
 65915 | Vaults:3 | Lost mutation: Your health recovers twice as slowly from
                  | being drained. [potion of mutation]
 65915 | Vaults:3 | Lost mutation: Your magical capacity is low. (-10% MP)
                  | [potion of mutation]
 65915 | Vaults:3 | Gained mutation: You are clumsy. (Dex -2) [potion of
                  | mutation]
 65915 | Vaults:3 | Gained mutation: You are somewhat resistant to further
                  | mutation. [potion of mutation]
 65919 | Vaults:3 | Lost mutation: You are clumsy. (Dex -2) [potion of
                  | mutation]
 65919 | Vaults:3 | Lost mutation: You are somewhat resistant to further
                  | mutation. [potion of mutation]
 65919 | Vaults:3 | Gained mutation: You occasionally lose the ability to read
                  | scrolls when taking damage. [potion of mutation]
 65919 | Vaults:3 | Gained mutation: You occasionally lose the ability to drink
                  | potions when taking damage. [potion of mutation]
 65919 | Vaults:3 | Lost mutation: You are dopey. (Int -2) [potion of mutation]
 65920 | Vaults:3 | Lost mutation: You are vulnerable to cold. (rC-) [potion of
                  | mutation]
 65920 | Vaults:3 | Lost mutation: You occasionally lose the ability to read
                  | scrolls when taking damage. [potion of mutation]
 65920 | Vaults:3 | Gained mutation: You possess an exceptional clarity of
                  | mind. [potion of mutation]
 65920 | Vaults:3 | Gained mutation: You are partially covered in iridescent
                  | scales. (AC +2) [potion of mutation]
 66072 | Vaults:4 | Lost mutation: You occasionally lose the ability to drink
                  | potions when taking damage. [potion of mutation]
 66072 | Vaults:4 | Lost mutation: You possess an exceptional clarity of mind.
                  | [potion of mutation]
 66072 | Vaults:4 | Gained mutation: You are frail. (-10% HP) [potion of
                  | mutation]
 66072 | Vaults:4 | Gained mutation: You occasionally lose the ability to read
                  | scrolls when taking damage. [potion of mutation]
 66072 | Vaults:4 | Gained mutation: You have an increased reservoir of magic.
                  | (+10% MP) [potion of mutation]
 66072 | Vaults:4 | Gained mutation: You have sharp fingernails. [potion of
                  | mutation]
 66074 | Vaults:4 | Lost mutation: You occasionally lose the ability to read
                  | scrolls when taking damage. [potion of mutation]
 66074 | Vaults:4 | Lost mutation: You have an increased reservoir of magic.
                  | (+10% MP) [potion of mutation]
 66074 | Vaults:4 | Lost mutation: You are frail. (-10% HP) [potion of
                  | mutation]
 66074 | Vaults:4 | Gained mutation: You are covered in fur. (AC +1) [potion of
                  | mutation]
 66074 | Vaults:4 | Gained mutation: Your mind is acute. (Int +4, Str/Dex -1)
                  | [potion of mutation]
 66134 | Vaults:4 | Identified the +0 robe of Indomitability {rPois rCorr}
 66147 | Vaults:4 | Noticed Zenata
 66153 | Vaults:4 | Killed Zenata
 66264 | Vaults:4 | Identified the +6 rapier "Rulag" {elec, rF+ Str+2}
 66926 | Vaults:4 | Found Papn's Magic Scroll Emporium.
 66931 | Vaults:4 | Reached skill level 25 in Fighting
 66939 | Vaults:4 | Bought a scroll of silence for 161 gold pieces
 66939 | Vaults:4 | Bought a scroll of butterflies for 68 gold pieces
 67530 | Depths:2 | Found a one-way gate leading to the halls of Pandemonium.
 67974 | Depths:2 | Found a corrupted altar of Lugonu.
 68127 | Depths:2 | Voluntarily entered the Abyss.
 68277 | Abyss:1  | Paralysed by accursed screaming for 1 turns
 68296 | Abyss:1  | Reached skill level 1 in Stealth
 68560 | Abyss:3  | Paralysed by accursed screaming for 2 turns
 68619 | Abyss:3  | Found a shimmering altar of Xom.
 68626 | Abyss:3  | Found a shimmering altar of Xom.
 68626 | Abyss:3  | Found a shimmering altar of Xom.
 68626 | Abyss:3  | Found a shimmering altar of Xom.
 68627 | Abyss:3  | Found a shimmering altar of Xom.
 68630 | Abyss:3  | Found a shimmering altar of Xom.
 68632 | Abyss:3  | Found a shimmering altar of Xom.
 68632 | Abyss:3  | Found a corrupted altar of Lugonu.
 68634 | Abyss:3  | Found a shimmering altar of Xom.
 68635 | Abyss:3  | Found a shimmering altar of Xom.
 68636 | Abyss:3  | Found a shimmering altar of Xom.
 68637 | Abyss:3  | Found a shimmering altar of Xom.
 68639 | Abyss:3  | Found a shimmering altar of Xom.
 68639 | Abyss:3  | Found a shimmering altar of Xom.
 68640 | Abyss:3  | Found a shimmering altar of Xom.
 68640 | Abyss:3  | Found a shimmering altar of Xom.
 68640 | Abyss:3  | Found a shimmering altar of Xom.
 68640 | Abyss:3  | Found a shimmering altar of Xom.
 68640 | Abyss:3  | Found a shimmering altar of Xom.
 68640 | Abyss:3  | Found a shimmering altar of Xom.
 68640 | Abyss:3  | Found a corrupted altar of Lugonu.
 68640 | Abyss:3  | Found a shimmering altar of Xom.
 68640 | Abyss:3  | Found a shimmering altar of Xom.
 68640 | Abyss:3  | Found a shimmering altar of Xom.
 68640 | Abyss:3  | Found a shimmering altar of Xom.
 68640 | Abyss:3  | Found a shimmering altar of Xom.
 68640 | Abyss:3  | Found a shimmering altar of Xom.
 68640 | Abyss:3  | Found a shimmering altar of Xom.
 68640 | Abyss:3  | Found a shimmering altar of Xom.
 68640 | Abyss:3  | Found a shimmering altar of Xom.
 68640 | Abyss:3  | Found a shimmering altar of Xom.
 68640 | Abyss:3  | Found a shimmering altar of Xom.
 68640 | Abyss:3  | Found a corrupted altar of Lugonu.
 68640 | Abyss:3  | Found a shimmering altar of Xom.
 68640 | Abyss:3  | Found a shimmering altar of Xom.
 68640 | Abyss:3  | Found a shimmering altar of Xom.
 68640 | Abyss:3  | Found a shimmering altar of Xom.
 68640 | Abyss:3  | Found a shimmering altar of Xom.
 68662 | Depths:2 | Escaped the Abyss
 69068 | Depths:3 | Reached XP level 25. HP: 299/299 MP: 37/37
 69134 | Depths:3 | Reached skill level 26 in Fighting
 69525 | Depths:3 | Found a one-way gateway to a ziggurat.
 69715 | Depths:4 | Entered Level 4 of the Depths
 69734 | Depths:4 | Reached skill level 5 in Stealth
 69772 | Depths:4 | Found a gate to the Realm of Zot.
 70071 | Depths:4 | Reached skill level 10 in Translocations
 70185 | Depths:4 | Found a flickering gateway to a bazaar.
 70196 | Bazaar   | Entered a bazaar
 70395 | Bazaar   | Found Noli's Assorted Antiques.
 70400 | Bazaar   | Bought a potion of curing for 57 gold pieces
 70411 | Bazaar   | Found Kafa's Assorted Antiques.
 70411 | Bazaar   | Found Heateiq's Magic Scroll Emporium.
 70415 | Bazaar   | Bought a scroll of teleportation for 48 gold pieces
 70415 | Bazaar   | Bought a scroll of teleportation for 48 gold pieces
 70415 | Bazaar   | Bought a scroll of enchant weapon for 120 gold pieces
 70415 | Bazaar   | Bought a scroll of teleportation for 48 gold pieces
 70415 | Bazaar   | Bought a scroll of teleportation for 48 gold pieces
 70415 | Bazaar   | Bought a scroll of fear for 64 gold pieces
 70421 | Bazaar   | Bought a scroll of enchant armour for 270 gold pieces
 70421 | Bazaar   | Bought a potion of might for 144 gold pieces
 70995 | Elf:3    | You paid a toll of a +5 demon whip to enter a treasure
                  | trove
 70996 | Trove    | Entered a treasure trove
 71011 | Trove    | Got the Papyrus of the Singularity and the Dead
 71045 | Trove    | Identified the amulet "Quobb" {Acrobat -Tele Str+3}
 71530 | Depths:4 | Found a basalt altar of Yredelemnul.
 72164 | Vaults:5 | Entered Level 5 of the Vaults
 72388 | Vaults:4 | Reached skill level 27 in Fighting
 72754 | Vaults:5 | Noticed an ancient lich
 72758 | Vaults:5 | Killed an ancient lich
 72834 | Vaults:5 | Reached XP level 26. HP: 308/308 MP: 37/37
 73182 | Vaults:5 | Identified the +6 longbow of Trial by Ordeal {flame, *Slow
                  | rPois rF+ rCorr}
 73192 | Vaults:5 | Acquired the +5 swamp dragon scales of the Tortured Grue
                  | {rPois Regen+}
 73369 | Vaults:5 | Identified the death talisman of Parlour Games {*Corrode
                  | Int+4}
 73382 | Vaults:5 | Found Umpig's Book Shoppe.
 73386 | Vaults:5 | Acquired the +0 mask of the Dragon {Will+ Slay+3 SInv}
 73386 | Vaults:5 | Found the +0 mask of the Dragon {Will+ Slay+3 SInv}
 73400 | Vaults:5 | Bought a Necronomicon for 1080 gold pieces
 74195 | Vaults:5 | Got a silver rune of Zot
 74511 | Zot:1    | Entered Level 1 of the Realm of Zot
 75250 | Crypt:3  | Found a staircase to the Tomb.
 75250 | Crypt:3  | Noticed a royal mummy
 75256 | Crypt:3  | Killed a royal mummy
 75904 | Crypt:3  | Found an ancient bone altar of Kikubaaqudgha.
 76249 | Crypt:3  | Noticed a dread lich
 76255 | Crypt:3  | Killed a dread lich
 76780 | Tomb:1   | Entered Level 1 of the Tomb of the Ancients
 77709 | Zot:1    | You fall into a shaft and drop 1 floor!
 78145 | Zot:1    | Noticed Parghit
 78150 | Zot:1    | Killed Parghit
 78342 | Zot:2    | Reached XP level 27. HP: 323/323 MP: 21/37
 78342 | Zot:2    | Noticed a dread lich
 78345 | Zot:2    | Noticed an orb of fire
 78355 | Zot:2    | Gained mutation: You are weak. (Str -2) [an orb of fire]
 78357 | Zot:2    | Killed a dread lich
 79037 | Zot:2    | Gained mutation: You sometimes lose your temper in combat.
                  | [an orb of fire]
 79039 | Zot:2    | Killed an orb of fire
 79296 | Zot:2    | Noticed Vv
 79305 | Zot:2    | Killed Vv
 79848 | Zot:2    | Lost mutation: You sometimes lose your temper in combat.
                  | [potion of mutation]
 79848 | Zot:2    | Lost mutation: You have sharp fingernails. [potion of
                  | mutation]
 79848 | Zot:2    | Gained mutation: You occasionally shout uncontrollably at
                  | your foes. [potion of mutation]
 79848 | Zot:2    | Gained mutation: You are strong-willed. (Will+) [potion of
                  | mutation]
 80315 | Zot:3    | Learned a level 4 spell: Vhi's Electric Charge
 80645 | Zot:4    | Reached skill level 1 in Air Magic
 80667 | Zot:4    | Reached skill level 10 in Armour
 80923 | Zot:4    | Identified the +5 short sword of Ghostly Courage {pain,
                  | Str+3}
 82241 | Zot:5    | Entered Level 5 of the Realm of Zot
 82461 | Zot:5    | Reached skill level 5 in Air Magic
 82736 | Zot:5    | Noticed an ancient lich
 82741 | Zot:5    | Killed an ancient lich
 82743 | Zot:5    | Noticed an ancient lich
 82772 | Zot:5    | Killed an ancient lich
 82805 | Zot:5    | Noticed an orb of fire
 82808 | Zot:5    | Noticed a dread lich
 82820 | Zot:5    | Killed an orb of fire
 82823 | Zot:5    | HP: 12/323 [electric golem (16)]
 82824 | Zot:5    | Killed from afar by an electric golem

Illustrated notes

Levels and vault maps discovered:
D:1:      saegor_arrival_simple_c, layout_loops_ring
D:2:      layout_loops_ring
D:3:      layout_loops_ring
D:4:      layout_loops_ring
D:5:      layout_loops_corners, tgw_kikubaaqudgha, mainiacjoe_overflow_alcove_2,
          nicolae_overflow_hidden_temple, lemuel_temple_firewalk_a,
          roderic_lattice_a, kennysheep_generic_room_13
D:6:      layout_cave_pools, lightli_sewer_entry_pipes, uniq_menkaure,
          uniq_eustachio, uniq_prince_ribbit1
D:7:      layout_loops_ring, fedhas_altar_4, serial_rivers,
          chequers_serial_rivers_micro_b, chequers_serial_rivers_room_a,
          chequers_serial_rivers_small_b, chequers_serial_rivers_small_b,
          chequers_serial_rivers_large_a, serial_shops, nicolae_shop_drivethru
D:8:      layout_loops_cross, old_standard_altar, lemuel_tele_altar,
          gammafunk_ghost_abyssal_escape, chequers_avenue, uniq_maurice
D:9:      bobbens_index_wilting_gardens, layout_loops_cross,
          dancing_weapons_uskayaw, mainiacjoe_overflow_24_doors,
          david_lair_shrubbed, erik_orc_1, serial_shops, shop
D:10:     layout_gridville
D:11:     minmay_curly_fans, layout_gridville, uniq_urug, uniq_psyche
D:12:     layout_small_grid
D:13:     layout_stronghold, evilmike_ruin_ashenzari
D:14:     layout_roguey, hellmonk_vaults_order_and_chaos, nzn_ghost_randoct,
          nicolae_qazlal_eye_of_the_storm
D:15:     gammafunk_depths_entry_grave, layout_rooms, serial_rivers,
          chequers_serial_rivers_room_b, chequers_serial_rivers_room_b,
          chequers_serial_rivers_small_3, chequers_serial_rivers_small_3,
          chequers_serial_rivers_micro_d, chequers_serial_rivers_room_a,
          elyvilon_altar_5, uniq_jorgrun
Temple:   eino_temple_lava
Lair:1:   layout_cellular_growth, grunt_megastairs_1, serial_bayou_shore_a
Lair:2:   layout_layer_cave, minmay_shoals_entry_centaurs, basic_altar,
          infiniplex_staircase_pool_2
Lair:3:   layout_gridlike, spider_nest_entry_webs, minmay_lindwurm_lava
Lair:4:   layout_loops_ring, ebering_ghost_rock_garden, minivault_23
Lair:5:   due_jungle_book, layout_cave_shapes, slime_entry_1
Shoals:1: cheibrodos_shoals_satyrical_garden, layout_shoals, uniq_louise
Shoals:2: layout_shoals, gammafunk_ghost_tricky_traps
Shoals:3: layout_shoals, serial_shops, shop
Shoals:4: shoals_end_grunt_garden, layout_shoals, shoal_ilsuiw, serial_shops,
          shop
Spider:1: layout_spider_delve, special_room [special_room_bee]
Spider:2: layout_spider_delve, worms_lemuel
Spider:3: nicolae_spider_brood_tunnel, uniq_azrael
Spider:4: floodkiller_spider_rune_tomb, uniq_arachne, uniq_donald
Orc:1:    layout_diamond_mine, basic_altar, nicolae_shop_self_help
Orc:2:    st_orc_rangers, layout_caves, led_sif_book, uniq_josephine,
          uniq_rupert
Elf:1:    layout_gridlike, portal_desolation_entry_twin_temple,
          portal_ice_cave_entry_pillars_four, evilmike_minifort,
          onia_ninara_cookie, uniq_aizul
Elf:2:    nicolae_elf_blades_crystal_corner, layout_gridlike, serial_shops,
          shop, uniq_asterion, uniq_agnes
Elf:3:    grunt_elf_hall_diamonds, layout_geoelf_grid,
          nicolae_trove_entry_path_of_doom, corexii_checkpoint,
          grunt_ministairs_3
Vaults:1: grunt_vaults_swirl, v_misc_13, v_rooms_1,
          nicolae_vaults_trapezoid_lopsided_1, vaults_room_fancy_cross,
          hangedman_vaults_snaps, v_misc_13, ontoclasm_vaults_idyll,
          nicolae_vaults_heart-shaped_vault, nicolae_vaults_closet_pinwheel_5,
          layout_vaults_omnicross
Vaults:2: gammafunk_ghost_arena, nicolae_vaults_meiosis, v_alt_pattern_1,
          minmay_guarded_unrand_guard, nicolae_vaults_stairing_the_circle,
          hangedman_vaults_capsules, minmay_crypt_entry_skeletal_spiral,
          hangedman_vaults_slice, nicolae_vaults_doubleplus_tesselated,
          nicolae_vaults_double_plus_1, nicolae_vaults_stepped_doors,
          vaults_dpeg_hooks, layout_vaults_ring
Vaults:3: v_misc_12, vaults_room_semicircle, nicolae_vaults_bisected_exclaves,
          nicolae_vaults_library_corner, v_misc_19, v_alt_pattern_5,
          nicolae_vaults_variable_pillar_hall, layout_vaults_big_room,
          serial_shops, nicolae_square_shop
Vaults:4: nicolae_vaults_closet_pinwheel_6, nicolae_vaults_frosty_reception,
          nicolae_vaults_angled_halls, ontoclasm_vaults_ligature,
          nicolae_vaults_closet_pinwheel_1, v_misc_17, nicolae_vaults_house_3,
          layout_vaults_omnigrid, serial_shops, shop, uniq_zenata
Vaults:5
Crypt:1:  layout_chaotic_city, serial_sigils_hangedman_writhe,
          grunt_crypt_arrival_guarded_gate
Crypt:2:  cheibrodos_crypt_down_in_the_bonehoard, layout_gridlike,
          gammafunk_ghost_spectres
Crypt:3:  evilmike_haunted_forest
Tomb:1
Depths:1: minmay_the_grid_triangle_9x9_recursive_2_mashed
          [minmay_the_grid_triangle_9x9_prize_insulated,
          minmay_the_grid_triangle_9x9_steps,
          minmay_the_grid_triangle_9x9_fully_insulated_deathbox,
          minmay_the_grid_triangle_9x9_empty], layout_gridlike,
          lemuel_round_altar, pf_vacation_house_of_asmodeus, wad_mini_maze
Depths:2: evilmike_makhleb_hellhole, layout_gridlike, hell_entry, serial_shops,
          shop, abyss_entry_flame_altar, grunt_pan_entry_spiral,
          grunt_megastairs_2, infiniplex_staircase_pillars_1
Depths:3: minmay_ornate_pinched, layout_twisted_cross, enter_ziggurat_f,
          hell_entry, abyss_entry_small_statue_room,
          serial_sigils_hangedman_gnaw
Depths:4: grunt_twist_and_shout, layout_cave_shapes, yredelemnul_altar_generic,
          hell_entry, serial_shops, bzr_entry_gold
Zot:1:    layout_basic, uniq_parghit
Zot:2:    hellmonk_crystal_mountain, layout_onion_interference,
          regret_index_zotdec_zees, lemuel_elevator, uniq_josephina, uniq_vv
Zot:3:    layout_misc_corridors, regret_index_zotdec_under_construction
Zot:4:    layout_gridlike
Zot:5:    layout_gridville, skrybe_zot_glass_1

Skill      XL: |  1  2  3  4  5  6  7  8  9 10 11 12 13 14 15 16 17 18 19 20 21 22 23 24 25 26 27 |
---------------+----------------------------------------------------------------------------------+-----
Fighting       | 3 4 5 7 8 11 13 15 17 18 19 20 21 22 23 24 25 27 | 27.0
Dodging        | 3 6 7 9 11 | 11.0
Maces & Flails | 4 5 7 8 10 12 13 14 15 16 17 18 19 21 22 | 22.0
Shapeshifting  | 1 2 3 4 7 13 16 17 18 19 22 23 | 23.8
Throwing       | 3 4 6 7 8 9 11 13 14 15 | 15.4
Spellcasting   | 1 4 6 8 9 10 | 10.9
Alchemy        | 1 3 5 6 7 8 9 |  9.9
Translocations | 2 4 7 9 11 12 | 12.5
Fire Magic     | 2 4 |  4.0
Conjurations   | 2 4 6 |  6.3
Armour         | 3 7 8 12 | 12.2
Necromancy     | 7 8 |  8.3
Stealth        | 4 6 |  6.0
Air Magic      | 6 |  6.3

Action                     |  1- 3 |  4- 6 |  7- 9 | 10-12 | 13-15 | 16-18 | 19-21 | 22-24 | 25-27 || total
---------------------------+-------+-------+-------+-------+-------+-------+-------+-------+-------++-------
  Melee: Flail             |    94 |   147 |   295 |   245 |       |       |       |       |       ||   781
         Headbutt          |    13 |    21 |    53 |    82 |   183 |   165 |   127 |   196 |   210 ||  1050
         Punch             |       |       |     5 |     4 |       |       |       |       |       ||     9
         Giant club        |       |       |       |   181 |   449 |       |       |       |       ||   630
         Giant spiked club |       |       |       |       |   311 |   679 |   703 |  1019 |  1169 ||  3881
         Great mace        |       |       |       |       |       |       |       |       |     5 ||     5
  Throw: Stone             |    16 |       |       |       |       |       |       |       |       ||    16
         Throwing net      |     1 |     2 |       |       |       |     1 |       |       |     1 ||     5
         Large rock        |       |     2 |     2 |     3 |    25 |    15 |    47 |    73 |   170 ||   337
         Dart              |       |       |   100 |    64 |    17 |    32 |       |       |       ||   213
         Boomerang         |       |       |     5 |       |   103 |   310 |   175 |       |       ||   593
         Javelin           |       |       |       |       |       |       |     8 |    13 |     8 ||    29
   Cast: Mercury Vapours   |       |       |       |       |    60 |     4 |     1 |       |       ||    65
         Olgreb's Toxic Ra |       |       |       |       |    47 |    58 |    20 |     7 |     3 ||   135
         Ignite Poison     |       |       |       |       |    31 |    59 |     7 |     4 |     9 ||   110
         Blink             |       |       |       |       |     2 |     1 |       |     2 |     6 ||    11
         Fulminant Prism   |       |       |       |       |     7 |     3 |       |       |       ||    10
         Irradiate         |       |       |       |       |     2 |    12 |    22 |    23 |     3 ||    62
         Eringya's Noxious |       |       |       |       |       |     8 |    46 |     6 |    12 ||    72
         Alistair's Intoxi |       |       |       |       |       |     4 |     5 |     4 |     2 ||    15
         Manifold Assault  |       |       |       |       |       |       |    14 |    31 |   135 ||   180
         Fugue of the Fall |       |       |       |       |       |       |       |    19 |     3 ||    22
         Curse of Agony    |       |       |       |       |       |       |       |       |     1 ||     1
         Vhi's Electric Ch |       |       |       |       |       |       |       |       |     3 ||     3
 Invoke: Serpent's Lash    |       |       |       |     2 |     4 |     4 |       |       |       ||    10
         Heavenly Storm    |       |       |       |       |       |       |     1 |     1 |       ||     2
Ability: Lunge             |       |       |    42 |    41 |   117 |    82 |    98 |    95 |    82 ||   557
         Whirlwind         |       |       |    12 |    56 |   120 |    65 |    74 |   151 |   171 ||   649
         Wall Jump         |       |       |     4 |    14 |    21 |     7 |     5 |    23 |    12 ||    86
  Evoke: Wand              |       |       |       |    18 |     3 |     2 |       |       |     3 ||    26
    Use: Scroll            |       |     3 |    10 |     6 |    19 |    14 |    12 |     2 |    31 ||    97
         Potion            |       |     3 |       |     7 |     7 |    13 |    12 |    20 |     9 ||    71
   Stab: Held in net/web   |       |     1 |       |       |       |       |       |       |       ||     1
         Sleeping          |       |       |       |       |     5 |     5 |     5 |     2 |     4 ||    21
         Petrified         |       |       |       |       |     2 |       |       |       |       ||     2
         Distracted        |       |       |       |       |     1 |     1 |       |     3 |     2 ||     7
         Invisible         |       |       |       |       |     1 |       |     2 |       |       ||     3
         Confused          |       |       |       |       |       |       |     1 |     2 |       ||     3
 Armour: Robe              |    74 |    97 |   150 |    28 |       |       |       |       |       ||   349
         Steam dragon scal |       |       |       |   293 |   630 |   949 |    41 |       |       ||  1913
         Swamp dragon scal |       |       |       |       |       |       |   331 |       |       ||   331
         Skin              |       |       |       |       |       |       |   825 |  1182 |   934 ||  2941
         Gold dragon scale |       |       |       |       |       |       |       |       |   397 ||   397
  Dodge: Dodged            |    53 |    68 |    89 |   128 |   324 |   578 |   375 |   448 |   422 ||  2485
  Block: Other             |       |     6 |    81 |   123 |    87 |    10 |   241 |   258 |   222 ||  1028
   Form: Beast             |       |     1 |       |       |       |       |       |       |       ||     1
                           |       |       |       |       |     1 |       |     1 |     1 |     1 ||     4
         Statue            |       |       |       |       |       |       |     2 |     1 |     1 ||     4
         Death             |       |       |       |       |       |       |       |       |     3 ||     3

Table legend: (Time is in decaauts)
 A = Elapsed time spent in this place.
 B = Non-inter-level travel time spent in this place.
 C = Inter-level travel time spent in this place.
 D = Time resting spent in this place.
 E = Time spent auto-exploring this place.
 F = Levels seen in this place.
 G = Mean time per level.
                   A        B        C        D        E       F      G
               +--------+--------+--------+--------+--------+-----+--------+
         Total |  96730 |  86460 |  10270 |  14959 |  53725 |  59 | 1639.5 |
       Dungeon |  22546 |  19314 |   3232 |   3270 |  12803 |  15 | 1503.1 |
        Temple |     14 |      8 |      6 |      0 |      0 |   1 |   14.0 |
          Lair |   9690 |   8784 |    906 |   2031 |   5310 |   5 | 1938.0 |
        Shoals |   6429 |   6081 |    348 |   1611 |   3547 |   4 | 1607.2 |
   Spider Nest |   7685 |   7354 |    331 |   2123 |   3529 |   4 | 1921.2 |
  Orcish Mines |   2789 |   2517 |    272 |    853 |   1352 |   2 | 1394.5 |
   Elven Halls |   6300 |   5548 |    752 |    362 |   3589 |   3 | 2100.0 |
        Vaults |  13115 |  11196 |   1919 |    532 |   8540 |   5 | 2623.0 |
         Crypt |   7064 |   6470 |    594 |      0 |   4963 |   3 | 2354.7 |
          Tomb |      2 |      2 |      0 |      0 |      0 |   1 |    2.0 |
        Depths |   9635 |   8159 |   1476 |   2077 |   4260 |   4 | 2408.8 |
           Zot |   6786 |   6357 |    429 |    446 |   4909 |   5 | 1357.2 |
         Abyss |    756 |    756 |      0 |      0 |      0 |   3 |  252.0 |
        Bazaar |    469 |    469 |      0 |    259 |      0 |   1 |  469.0 |
         Trove |    136 |    136 |      0 |      0 |     24 |   1 |  136.0 |
         Sewer |    773 |    773 |      0 |     17 |    545 |   1 |  773.0 |
    Desolation |   2534 |   2534 |      0 |   1374 |    354 |   1 | 2534.0 |
               +--------+--------+--------+--------+--------+-----+--------+

Top non-repeatable levels by time:
     D:9: 3472 daAuts
Vaults:2: 3428 daAuts
Depths:2: 3369 daAuts
 Crypt:3: 3212 daAuts
Depths:1: 3157 daAuts
Spider:1: 2827 daAuts
Vaults:4: 2762 daAuts
  Lair:5: 2747 daAuts
Shoals:3: 2698 daAuts
 Crypt:2: 2589 daAuts
Desolation: 2534 daAuts
Spider:4: 2513 daAuts
  Lair:3: 2483 daAuts
Vaults:1: 2465 daAuts
Vaults:5: 2407 daAuts
